 Dungeon Crawl Stone Soup version 0.17.1-3-g152610e (webtiles) character file.

183 inmateoo the Changer (level 5, 0/30 HPs)
             Began as an Octopode Transmuter on Feb 20, 2016.
             Slain by a sky beast (5 damage)
             ... on level 3 of the Dungeon.
             The game lasted 00:06:44 (2267 turns).

inmateoo the Changer (Octopode Transmuter)          Turns: 2267, Time: 00:06:44

Health: 0/30       AC:  6    Str: 10    XL:     5   Next: 62%
Magic:  6/7        EV: 12    Int: 16    God:
Gold:   218        SH:  0    Dex: 10    Spells: 3 memorised, 3 levels left

rFire  . . .     SeeInvis .     e - +1 dagger (protect)
rCold  . . .     Clarity  .     (no shield)
rNeg   . . .     SustAt   .     (helmet restricted)
rPois  .         Gourm    .     (no amulet)
rElec  .         Spirit   .     (no ring)
rCorr  .         Warding  .     (no ring)
rMut   .         Stasis   .     (no ring)
MR     .....                    (no ring)
Stlth  ++........               (no ring)
                                (no ring)
                                (no ring)
                                (no ring)

@: not resistant to hostile enchantments, unstealthy
A: almost no armour, amphibious, 8 rings, constrict 8, tentacle spike 1,
camouflage 1, clumsy 1, frail 1, low mp 1, gelatinous body 1
a: no special abilities


You were on level 3 of the Dungeon.
You were not hungry.

You visited 1 branch of the dungeon, and saw 4 of its levels.

You collected 218 gold pieces.

Inventory:

Hand Weapons
 e - a +1 dagger of protection (weapon)
Missiles
 a - 56 arrows
Wands
 q - a wand of slowing (17)
Potions
 f - a potion of magic
 g - 3 potions of might
 h - a potion of brilliance
 i - a potion of lignification {unknown}
 k - a potion of flight {unknown}
 l - 2 potions of curing {unknown}
 n - a potion of poison {unknown}
Books
 b - a book of Changes

   Spells                             Type                      Level
   a - Beastly Appendage              Transmutation                1
   b - Sticks to Snakes               Transmutation                2
   c - Spider Form                    Transmutation/Poison         3
   d - Ice Form                       Ice/Transmutation            4
   e - Blade Hands                    Transmutation                5
Comestibles
 c - 4 bread rations
 d - a chunk of flesh
 j - a meat ration


   Skills:
 + Level 2.2 Fighting
 + Level 2.6 Dodging
 + Level 3.8 Unarmed Combat
 + Level 2.5 Spellcasting
 * Level 3.9 Transmutations


You had 3 spell levels left.
You knew the following spells:

 Your Spells              Type           Power        Failure   Level  Hunger
a - Beastly Appendage     Trmt           ##....       4%          1    #......
b - Sticks to Snakes      Trmt           ##........   8%          2    ##.....
c - Spider Form           Trmt/Pois      #.........   28%         3    ###....


Dungeon Overview and Level Annotations

Branches:
Dungeon (4/15)
 Temple: D:4-7

Altars:
Ru

Annotations:
D:4 4 runed doors, bollicks1999's ghost, amateur MiFi


Innate Abilities, Weirdness & Mutations

You cannot wear most types of armour.
You are amphibious.
You can wear up to eight rings at the same time.
You can use your tentacles to constrict eight enemies at once.
Your skin changes colour to match your surroundings (Stealth).
Your rubbery body absorbs attacks (AC +1).
One of your tentacles bears a spike.
You are clumsy. (Dex -2)
You are frail (-10% HP).
Your magical capacity is low (-10% MP).


Message History

Unknown command.
Your ball python bites bollicks1999's ghost but does no damage.
Unknown command.
You hear the hiss of a distant avalanche of sand.
Your ball python bites bollicks1999's ghost but does no damage. x2
Your ball python bites bollicks1999's ghost but does no damage.
Something bites bollicks1999's ghost but does no damage.
Your ball python barely misses bollicks1999's ghost.
Your ball python bites bollicks1999's ghost but does no damage.
A worm comes into view.
Things that are here:
a dagger; a chain mail; an orc corpse Bollicks1999's ghost whispers, "There is no future for you."
Bollicks1999's ghost screams, "I'll kill anyone who wants the ORB!"
There is a stone staircase leading down here.
There is a stone staircase leading up here.
You climb upwards.
The sky beast hits you.
* * * LOW HITPOINT WARNING * * *
The sky beast shocks you.
You die...

##S#.## ##.......##
#..## #.### ##.....##
#.## #.# ##[..## #.#
#.# ##+## #.. #.# #.#
#.. #.# #.# .. #.#
##.## #.# ##...## #.#
#######....@##### #.#
#..........Y....#
#.###.......#.#.....##
#...........#.#.#......
#####.............#.###
#.......#.#.....#
#.......#.#######
#.......#.# #########.#


You could see a sky beast.

Vanquished Creatures
  An ogre (D:4)
  Natasha (D:4)
  2 adders
  An ooze (D:2)
  An adder skeleton (D:4)
  A worm (D:2)
  5 giant geckos
  An orc (D:4)
  5 bats
  3 giant cockroaches
  6 goblins
  3 hobgoblins
  3 jackals (D:3)
  4 giant newts
  3 kobolds (D:1)
  2 quokka skeletons
  5 rats
47 creatures vanquished.

Vanquished Creatures (collateral kills)
  A worker ant (D:4)
  An adder (D:3)
2 creatures vanquished.

Grand Total: 49 creatures vanquished

Notes
Turn   | Place    | Note
--------------------------------------------------------------
     0 | D:1      | inmateoo the Octopode Transmuter began the quest for the Orb.
     0 | D:1      | Reached XP level 1. HP: 13/13 MP: 3/3
   200 | D:1      | Reached XP level 2. HP: 16/18 MP: 5/5
   534 | D:1      | You fall through a shaft!
   548 | D:2      | Learned a level 2 spell: Sticks to Snakes
   636 | D:2      | Reached XP level 3. HP: 21/23 MP: 4/6
  1182 | D:2      | Learned a level 3 spell: Spider Form
  1277 | D:3      | Reached XP level 4. HP: 28/28 MP: 7/7
  1675 | D:3      | Noticed a sky beast
  1919 | D:4      | Noticed bollicks1999's ghost (amateur MiFi)
  1954 | D:4      | Gained mutation: Your magical capacity is low (-10% MP). [potion of mutation]
  1954 | D:4      | Gained mutation: You are frail (-10% HP). [potion of mutation]
  1954 | D:4      | Gained mutation: You are clumsy. (Dex -2) [potion of mutation]
  1955 | D:4      | Gained mutation: One of your tentacles bears a spike. [potion of mutation]
  1955 | D:4      | Gained mutation: One of your tentacles bears a nasty spike. [potion of mutation]
  1955 | D:4      | Lost mutation: One of your tentacles bears a nasty spike. [potion of mutation]
  1964 | D:4      | Found a large runed door.
  1964 | D:4      | Found a large runed door.
  1964 | D:4      | Noticed Natasha
  1989 | D:4      | Found a sacrificial altar of Ru.
  2109 | D:4      | Found a large runed door.
  2109 | D:4      | Found a large runed door.
  2126 | D:4      | Killed Natasha
  2126 | D:4      | Reached XP level 5. HP: 21/30 MP: 7/7
  2175 | D:4      | Noticed an ogre
  2197 | D:4      | Killed an ogre
  2267 | D:3      | Slain by a sky beast

Action                   |  1- 3 |  4- 6 || total
-------------------------+-------+-------++-------
Melee: Dagger            |    92 |    50 ||   142
       Unarmed           |     1 |       ||     1
 Cast: Beastly Appendage |     1 |       ||     1
       Sticks to Snakes  |       |    12 ||    12
  Use: Scroll            |     5 |     3 ||     8
       Potion            |       |     3 ||     3
 Stab: Sleeping          |     4 |     2 ||     6
  Eat: Chunk             |       |     2 ||     2
       Meat ration       |       |     1 ||     1
